 Dungeon Crawl Stone Soup version 0.29.1-12-g30fa7ad0bf (webtiles) character file.

Game seed: 7690137747433668179

882 cheesebisquit the Cudgeller (level 7, -1/62 HPs)
             Began as a Minotaur Berserker on Dec 22, 2022.
             Was a Believer of Trog.
             Slain by a killer bee (2 damage)
             ... on level 5 of the Dungeon.
             The game lasted 00:13:56 (2949 turns).

cheesebisquit the Cudgeller (Minotaur Berserker)    Turns: 2949, Time: 00:13:57

Health: -1/62      AC: 13    Str: 29    XL:     7   Next: 76%
Magic:  6/6        EV:  7    Int:  4    God:    Trog [**....]
Gold:   307        SH:  8    Dex: 10    Spells: 6/6 levels left

rFire   . . .      SeeInvis .   q - +0 flail
rCold   + . .      Faith    .   C - +0 kite shield
rNeg    . . .      Spirit   .   i - +1 plate armour
rPois   .          Reflect  .   (helmet restricted)
rElec   .          Harm     .   (no cloak)
rCorr   .          Rampage  .   (no gloves)
Will    .....                   (no boots)
Stlth   ..........              l - amulet of the acrobat
HPRegen 0.20/turn               h - ring of protection from cold
MPRegen 0.10/turn               m - +6 ring of strength

@: lethally poisoned (-1 -> -8)
A: horns 2, retaliatory headbutt
a: Renounce Religion, Berserk, Trog's Hand


You were on level 5 of the Dungeon.
You worshipped Trog.
Trog was pleased with you.
You visited 1 branch of the dungeon, and saw 5 of its levels.

You collected 307 gold pieces.

Inventory:

Hand Weapons
 a - a +0 mace
 b - a +0 sling
 q - a +0 flail (weapon)
Missiles
 c - 48 stones (quivered)
 v - 14 poisoned darts
Armour
 d - a +0 animal skin
 e - a +0 leather armour
 i - a +1 plate armour (worn)
 C - a +0 kite shield (worn)
Jewellery
 h - a ring of protection from cold (left hand)
 l - an amulet of the acrobat (around neck)
 m - a +6 ring of strength (right hand)
 w - a ring of resist corrosion
Scrolls
 f - 2 scrolls of fear {unknown}
 n - 2 scrolls of enchant armour
 o - 2 scrolls of teleportation
 r - 2 scrolls of vulnerability {unknown}
 s - a scroll of amnesia
 t - 2 scrolls of magic mapping {unknown}
 y - 3 scrolls of identify {unknown}
 z - a scroll of noise {unknown}
 F - 2 scrolls of enchant weapon {unknown}
Potions
 g - 3 potions of lignification {unknown}
 k - a potion of attraction {unknown}
 p - a potion of berserk rage {unknown}
 u - a potion of ambrosia {unknown}
 x - 3 potions of curing
 A - a potion of might {unknown}
 B - a potion of haste {unknown}
 D - a potion of invisibility {unknown}
 E - a potion of magic {unknown}
 G - a potion of cancellation {unknown}
 H - a potion of degeneration {unknown}


   Skills:
 - Level 5.7 Fighting
 + Level 7.0 Maces & Flails
 - Level 5.0 Armour
 - Level 4.5 Dodging
 + Level 3.7 Shields


You had 6 spell levels left.
You didn't know any spells.
Your spell library was empty.

Dungeon Overview and Level Annotations

Branches:
Dungeon (5/15)
 Temple: D:4-7

Altars:
Kikubaaqudgha

Annotations:
D:1 2 transporters


Innate Abilities, Weirdness & Mutations

You have a pair of horns on your head.
You reflexively headbutt those who attack you in melee.


Message History

The killer bee poisons you! The killer bee stings you.
The killer bee stings you but does no damage. x2
The killer bee barely misses you.
You hit the killer bee.
The killer bee is heavily wounded.
You feel very sick.
The killer bee stings you but does no damage.
You block the killer bee's attack. The killer bee closely misses you.
You furiously retaliate!
You headbutt the killer bee, but do no damage.
The killer bee barely misses you. You block the killer bee's attack.
The killer bee stings you but does no damage. x2
The killer bee barely misses you. The killer bee stings you!
* * * LOW HITPOINT WARNING * * *
You sock the killer bee!
You kill the killer bee!
Trog accepts your kill.
Your skin stops crawling.
You feel less strong-willed.
* * * LOW HITPOINT WARNING * * *
You feel very sick. The killer bee completely misses you.
You furiously retaliate!
You headbutt the killer bee. The killer bee barely misses you.
You block the killer bee's attack. x2
Your Maces & Flails skill increases to level 7!
You barely miss the killer bee.
The killer bee is heavily wounded.
* * * LOW HITPOINT WARNING * * *
You feel very sick.
The killer bee barely misses you. x2; You furiously retaliate!
You headbutt the killer bee! You block the killer bee's attack.
The killer bee barely misses you.
The killer bee stings you but does no damage.
The killer bee completely misses you.
You miss the killer bee. Your headbutt misses the killer bee.
The killer bee is almost dead.
* * * LOW HITPOINT WARNING * * *
You feel sick.
The killer bee stings you but does no damage.
The killer bee stings you.
You die...

..##.#########....## ###......
.###..........##...# #....÷...
####...######..##..### ##.#######
###.....# ###. #....###..#######
....###...##...###.#.....##......
.#### ##.......##...##..##......
........ ........................
######## #.....y.......####....).
#.....†@#....## #......
##....y......# #......
#.....####### #...... #......
####### #...... #...... ##.....
##...#


You could see 2 killer bees.

Vanquished Creatures
  2 black bears
  An ogre (D:5)
  A scorpion (D:4)
  3 killer bees (D:5)
  A hound (D:4)
  A jelly (D:3)
  2 orc priests (D:4)
  3 iguanas
  2 orc wizards (D:4)
  8 adders
  A shadow imp (D:5)
  A worm (D:5)
  4 dart slugs
  17 orcs
  6 ball pythons
  5 endoplasms
  2 giant cockroaches
  5 goblins
  4 hobgoblins
  2 jackals (D:3)
  6 kobolds
  2 quokkas
  3 bats
  2 frilled lizards
  5 rats
89 creatures vanquished.

Notes
Turn   | Place    | Note
-------+----------+-------------------------------------------
     0 | D:1      | cheesebisquit the Minotaur Berserker began the quest for
                  | the Orb.
     0 | D:1      | Reached XP level 1. HP: 19/19 MP: 0/0
   102 | D:1      | Found a faded altar of an unknown god.
   125 | D:1      | Reached XP level 2. HP: 25/27 MP: 1/1
   554 | D:1      | Reached skill level 4 in Maces & Flails
   795 | D:2      | Reached XP level 3. HP: 33/33 MP: 2/2
  1431 | D:3      | Reached ** piety under Trog
  1584 | D:3      | Reached XP level 4. HP: 39/41 MP: 3/3
  1595 | D:3      | Found an ancient bone altar of Kikubaaqudgha.
  1814 | D:3      | Noticed a black bear
  1819 | D:3      | Killed a black bear
  1820 | D:3      | Reached XP level 5. HP: 47/47 MP: 4/4
  1938 | D:4      | Noticed a black bear
  1948 | D:4      | Killed a black bear
  1949 | D:4      | Reached skill level 5 in Fighting
  1949 | D:4      | Reached skill level 5 in Maces & Flails
  1949 | D:4      | Reached XP level 6. HP: 56/56 MP: 5/5
  2227 | D:4      | Reached skill level 5 in Armour
  2227 | D:4      | Reached XP level 7. HP: 62/62 MP: 6/6
  2529 | D:4      | Reached skill level 1 in Shields
  2585 | D:5      | Entered Level 5 of the Dungeon
  2588 | D:5      | Reached skill level 6 in Maces & Flails
  2948 | D:5      | Reached skill level 7 in Maces & Flails
  2948 | D:5      | HP: 3/62 [poisoned by a killer bee]
  2949 | D:5      | HP: 1/62 [poisoned by a killer bee]
  2949 | D:5      | Slain by a killer bee

Illustrated notes

Levels and vault maps discovered:
D:1:      spicycebolla_arrival_transporter_tutorial, layout_basic,
          dreamdust_ecumenical_altar_grove
D:2:      layout_loops_ring
D:3:      layout_rooms, kiku_gazebo_pond_becter
D:4:      layout_rooms
D:5:      layout_rooms

Skill      XL: |  1  2  3  4  5  6  7 |
---------------+----------------------+-----
Maces & Flails | 4 5 7 |  7.0
Fighting       | 4 5 |  5.7
Armour         | 3 4 5 |  5.0
Dodging        | 3 4 |  4.5
Shields        | 3 |  3.7

Action                   |  1- 3 |  4- 6 |  7- 9 || total
-------------------------+-------+-------+-------++-------
Melee: Mace              |    48 |       |       ||    48
       Headbutt          |    13 |    11 |     6 ||    30
       Flail             |    21 |    88 |    46 ||   155
       Punch             |     2 |       |       ||     2
Invok: Berserk           |       |     3 |       ||     3
       Trog's Hand       |       |     1 |     1 ||     2
  Use: Scroll            |       |     3 |       ||     3
       Potion            |       |       |     4 ||     4
Armor: Animal skin       |     3 |       |       ||     3
       Leather armour    |     1 |       |       ||     1
       Plate armour      |    37 |    53 |    59 ||   149
Dodge: Dodged            |    51 |    32 |    43 ||   126
Block: Kite shield       |       |       |    28 ||    28
